 Dungeon Crawl Stone Soup version 0.30-a0-748-ge6a52f7cba (webtiles) character file.

Game seed: 15771414581173801771

148 Crownlay the Firebug (level 5, -1/38 HPs)
             Began as a Hill Orc Fire Elementalist on Feb 8, 2023.
             Slain by a gnoll
             ... wielding a +0 club
              (8 damage)
             ... on level 2 of the Dungeon.
             The game lasted 00:03:44 (3271 turns).

Crownlay the Firebug (Hill Orc Fire Elementalist)   Turns: 3271, Time: 00:03:44

Health: -1/38      AC:  2    Str: 11    XL:     5   Next: 30%
Magic:  1/7        EV: 12    Int: 17    God:
Gold:   215        SH:  0    Dex: 11    Spells: 1/7 levels left

rFire   + . .      SeeInvis .    l - staff of fire
rCold   . . .      Faith    .    (no shield)
rNeg    . . .      Spirit   .    a - +0 robe
rPois   .          Reflect  .    (no helmet)
rElec   .          Harm     .    (no cloak)
rCorr   .          Rampage  .    (no gloves)
Will    .....                    (no boots)
Stlth   ++                       (no amulet)
HPRegen 0.26/turn                (no ring)
MPRegen 0.10/turn                (no ring)

@: hasted, very quick
A: no striking features
a: no special abilities


You were on level 2 of the Dungeon.
You visited 1 branch of the dungeon, and saw 3 of its levels.

You collected 215 gold pieces.

Inventory:

Armour
 a - a +0 robe (worn)
Magical Staves
 l - a staff of fire (weapon)
 m - a staff of air
Scrolls
 c - 3 scrolls of fear
 d - 2 scrolls of enchant armour {unknown}
 e - 2 scrolls of identify {unknown}
 h - a scroll of vulnerability {unknown}
 i - 4 scrolls of teleportation {unknown}
 j - a scroll of acquirement {unknown}
Potions
 b - a potion of magic
 f - 2 potions of haste
 g - 2 potions of attraction {unknown}
 k - a potion of lignification {unknown}
 n - a potion of curing {unknown}
 o - a potion of mutation {unknown}


   Skills:
 - Level 1.5 Dodging
 - Level 1.5 Stealth
 + Level 1.8 Spellcasting
 - Level 1.0 Conjurations
 + Level 0.7 Translocations
 * Level 5.9 Fire Magic
 + Level 0.7 Air Magic


You had one spell level left.
You knew the following spells:

 Your Spells              Type           Power      Damage    Failure   Level
a - Foxfire               Conj/Fire      76%        2x1d7     4%          1
b - Scorch                Fire           64%        2d8       2%          2
c - Kindle Blastsparks    Fire/Tloc/Air  28%        2d12      22%         3

Your spell library contained the following spells:

 Spells                   Type           Power      Damage    Failure   Level
 Inner Flame              Hex/Fire       17%        N/A       19%         3
 Flame Wave               Conj/Fire      19%        2d7       43%         4


Dungeon Overview and Level Annotations

Branches:
Dungeon (3/15)

Altars:
Sif Muna


Message History

Your foxfire dissipates!
A gnoll comes into view. It is wielding a +0 whip.
You are out of magic!
You are out of magic!
There are monsters nearby!
The foxfire hits the gnoll but does no damage.
Your foxfire dissipates!
Casting: Foxfire (safe; 4% risk of failure)
Confirm with . or Enter, or press ? or * to list all spells.
You feel a surge of power!
You conjure some foxfire!
The foxfire hits the gnoll!
The gnoll is heavily wounded.
The foxfire hits the gnoll.
The gnoll is almost dead.
The gnoll attacks as you move away! The gnoll hits you with a +0 flail!
The gnoll attacks as you move away! The gnoll hits you with a +0 flail.
The gnoll attacks as you move away! The gnoll hits you with a +0 flail.
There is a stone staircase leading up here.
The gnoll barely misses you. The gnoll hits you with a +0 flail.
You climb upwards.
Reactivating autopickup.
There is a stone staircase leading down here.
Casting: Foxfire (safe; 4% risk of failure)
Confirm with . or Enter, or press ? or * to list all spells.
You don't have enough magic to cast this spell.
You barely miss the gnoll.
The gnoll is severely wounded.
The gnoll hits you with a +0 club. The gnoll hits you with a +0 flail!
* * * LOW HITPOINT WARNING * * *
Casting: Foxfire (safe; 4% risk of failure)
Confirm with . or Enter, or press ? or * to list all spells.
You feel a surge of power!
There is not enough space to conjure foxfire!
Casting: Foxfire (safe; 4% risk of failure)
Confirm with . or Enter, or press ? or * to list all spells.
You don't have enough magic to cast this spell.
Okay, then.
It was a potion of haste.
You feel yourself speed up. The gnoll hits you with a +0 club!
You die...

############### #..............
#.############# #.# #.# #.# #.#
######.#############
#.g@##.#....##......
#.#g##.#....##.#####
##+#..#......##.#....
########............##.#....
#............##......<.#...<
#............##.............
#............###....#.......
######............# #....#.##.[..
#.................########.#.....


You could see 2 gnolls.

Vanquished Creatures
  2 orc wizards (D:3)
  A gnoll (D:3)
  4 adders
  3 dart slugs
  5 ball pythons
  6 bats
  6 endoplasms
  3 giant cockroaches (D:1)
  4 goblins
  2 jackals (D:1)
  5 quokkas
  2 frilled lizards
  5 kobolds
  3 rats
51 creatures vanquished.

Vanquished Creatures (others)
  213 foxfires
213 creatures vanquished.

Grand Total: 264 creatures vanquished

Notes
Turn   | Place    | Note
-------+----------+-------------------------------------------
     0 | D:1      | Crownlay the Hill Orc Fire Elementalist began the quest for
                  | the Orb.
     0 | D:1      | Reached XP level 1. HP: 14/14 MP: 3/3
   161 | D:1      | Reached XP level 2. HP: 20/20 MP: 1/4
   170 | D:1      | Reached skill level 4 in Fire Magic
   780 | D:1      | Reached XP level 3. HP: 25/26 MP: 1/5
  1364 | D:2      | Learned a level 2 spell: Scorch
  1495 | D:2      | Reached skill level 5 in Fire Magic
  1641 | D:2      | Reached XP level 4. HP: 25/33 MP: 0/6
  1734 | D:2      | Learned a level 3 spell: Kindle Blastsparks
  1848 | D:2      | Found a faded altar of an unknown god.
  3052 | D:3      | Found a shimmering blue altar of Sif Muna.
  3139 | D:3      | Reached XP level 5. HP: 38/38 MP: 0/7
  3271 | D:2      | Slain by a gnoll

Illustrated notes

Levels and vault maps discovered:
D:1:      dpeg_arrival_simpleton_c, layout_loops_ring, hangedman_decor_points
D:2:      layout_basic, shapermc_ecumenical_altar_venn
D:3:      cheibrodos_greedy_goblins, layout_loops_corners, led_sif_book

Skill      XL: |  1  2  3 |
---------------+----------+-----
Fire Magic     | 4 5 |  5.9
Dodging        | |  1.5
Stealth        | |  1.5
Spellcasting   | |  1.8
Conjurations   | |  1.0
Translocations | |  0.7
Air Magic      | |  0.7

Action                     |  1- 3 |  4- 6 || total
---------------------------+-------+-------++-------
  Melee: Short sword       |    44 |       ||    44
         Staff             |       |    10 ||    10
   Cast: Foxfire           |    78 |    57 ||   135
         Scorch            |       |     2 ||     2
    Use: Scroll            |       |     1 ||     1
         Potion            |       |     1 ||     1
 Armour: Robe              |     9 |     4 ||    13
  Dodge: Dodged            |    34 |    16 ||    50

Table legend: (Time is in decaauts)
 A = Elapsed time spent in this place.
 B = Non-inter-level travel time spent in this place.
 C = Inter-level travel time spent in this place.
 D = Time resting spent in this place.
 E = Time spent auto-exploring this place.
 F = Levels seen in this place.
 G = Mean time per level.
                   A        B        C        D        E       F      G
               +--------+--------+--------+--------+--------+-----+--------+
         Total |   3272 |   3235 |     37 |     55 |   2791 |   3 | 1090.7 |
       Dungeon |   3272 |   3235 |     37 |     55 |   2791 |   3 | 1090.7 |
               +--------+--------+--------+--------+--------+-----+--------+

Top non-repeatable levels by time:
     D:1: 1289 daAuts
     D:2: 1278 daAuts
     D:3: 704 daAuts
